 Dungeon Crawl Stone Soup version 0.31-a0-430-gf8416d752b (webtiles) character file.

Game seed: 18069194998050941204

12462 AdnanSaban the Basher (level 11, -3/68 HPs)
             Began as a Gargoyle Fighter on July 31, 2023.
             Was a High Priest of Okawaru.
             Slain by a seven-headed hydra (10 damage)
             ... on level 11 of the Dungeon.
             The game lasted 00:20:54 (13505 turns).

AdnanSaban the Basher (Gargoyle Fighter)           Turns: 13505, Time: 00:20:54

Health: -3/68      AC: 28    Str: 23    XL:     11   Next: 93%
Magic:  12/14      EV:  9    Int: 10    God:    Okawaru [*****.]
Gold:   601        SH: 12    Dex:  9    Spells: 10/10 levels left

rFire   . . .        G - +0 whip (elec)
rCold   . . .        y - +0 kite shield
rNeg    + + .        H - +0 plate armour
rPois   ∞            (no helmet)
rElec   +            (no cloak)
rCorr   .            D - +0 pair of gloves
SInv    +            p - +0 pair of boots
Will    .....        e - amulet of the acrobat Stlth
                     r - ring of see invisible
HPRegen 0.31/turn    z - ring of positive energy
MPRegen 0.14/turn

%: acrobat
@: heroic
A: sickness immunity, AC +8, negative energy resistance 1, electricity
resistance, torment resistance 1, petrification resistance
a: Renounce Religion, Heroism, Finesse, Duel


You were on level 11 of the Dungeon.
You worshipped Okawaru.
Okawaru was extremely pleased with you.
You visited 2 branches of the dungeon, and saw 12 of its levels.

You collected 601 gold pieces.

Inventory:

Hand Weapons
 t - a +0 morningstar
 G - a +0 whip of electrocution (weapon)
 P - a +2 heavy morningstar
Missiles
 u - 17 poisoned darts (quivered)
 A - a throwing net
 J - a curare-tipped dart
Armour
 p - a +0 pair of boots (worn)
 y - a +0 kite shield (worn)
 D - a +0 pair of gloves (worn)
 H - a +0 plate armour (worn)
Jewellery
 e - an amulet of the acrobat (around neck)
 g - a +5 ring of evasion
 r - a ring of see invisible (left hand)
 z - a ring of positive energy (right hand)
Wands
 a - a wand of polymorph (9)
 I - a wand of iceblast (7)
 K - a wand of mindburst (10)
Scrolls
 b - 7 scrolls of teleportation {unknown}
 c - 2 scrolls of vulnerability {unknown}
 f - a scroll of noise {unknown}
 h - 8 scrolls of identify {unknown}
 i - 2 scrolls of blinking {unknown}
 q - a scroll of fear {unknown}
 s - 5 scrolls of fog {unknown}
 B - 3 scrolls of immolation {unknown}
 E - 2 scrolls of enchant weapon {unknown}
 L - a scroll of summoning {unknown}
 M - a scroll of poison {unknown}
 O - a scroll of silence {unknown}
Potions
 d - 6 potions of might
 j - 2 potions of degeneration {unknown}
 k - 3 potions of lignification {unknown}
 l - 3 potions of attraction {unknown}
 m - 2 potions of enlightenment {unknown}
 n - 5 potions of curing {unknown}
 o - a potion of magic {unknown}
 v - a potion of berserk rage {unknown}
 w - a potion of brilliance {unknown}
 x - a potion of heal wounds {unknown}
 C - a potion of cancellation {unknown}
 F - 2 potions of invisibility {unknown}
 N - a potion of experience {unknown}


   Skills:
 + Level 8.1(13.1) Fighting
 + Level 11.2(16.2) Maces & Flails
 + Level 2.1(7.1) Throwing
 + Level 10.5(15.5) Armour
 + Level 2.5(7.5) Dodging
 + Level 1.3(6.3) Stealth
 + Level 9.3(14.3) Shields
 + Level 5.1 Invocations


You had 10 spell levels left.
You didn't know any spells.
Your spell library contained the following spells:

 Spells                   Type           Power      Damage    Failure   Level
 Foxfire                  Conj/Fire      0%         2x1d4     99%         1
 Dazzling Flash           Conj/Hex       0%         N/A       100%        3
 Ignite Poison            Fire/Tmut/Pois 0%         N/A       100%        3
 Vhi's Electric Charge    Tloc/Air       0%         N/A       100%        3
 Arcjolt                  Conj/Air       0%         1d10      100%        5
 Lee's Rapid Deconstruct  Erth           0%         3d4*      100%        5
 Plasma Beam              Fire/Air       0%         2x1d10    100%        6
 Starburst                Conj/Fire      0%         6d3       100%        6
 Maxwell's Capacitive Co  Air            0%         ∞         100%        8
 Animate Armour           Summ/Erth      Unusable   N/A       N/A         4
 Summon Lightning Spire   Summ/Air       Unusable   N/A       N/A         4

Dungeon Overview and Level Annotations

Branches:
Dungeon (11/15)            Temple (1/1) D:6            Lair (0/5) D:10
    Orc: D:9-12

Altars:
Ashenzari
Cheibriados
Dithmenos
Elyvilon
Fedhas
Gozag
Hepliaklqana
Kikubaaqudgha
Makhleb
Nemelex Xobeh
Okawaru
Qazlal
Ru
Sif Muna
Trog
Uskayaw
Vehumet
Wu Jian
Xom
Yredelemnul
Zin
The Shining One

Shops:
D:8 :([[*

Annotations:
D:11 4 runed translucent doors


Innate Abilities, Weirdness & Mutations

You are immune to sickness and miasma.
Your stone body is resilient. (AC +8)
You are immune to poison.
You resist negative energy. (rN+)
You are resistant to electric shocks. (rElec)
You are resistant to unholy torment.
You are immune to petrification.


Message History

The seven-headed hydra bites you!
The seven-headed hydra bites you but does no damage. x2
Unknown command.
You hit the seven-headed hydra.
Lightning courses through the seven-headed hydra!
The seven-headed hydra is heavily wounded.
Unknown command.
You hit the seven-headed hydra.
The seven-headed hydra is severely wounded.
The seven-headed hydra closely misses you.
The seven-headed hydra bites you!
The seven-headed hydra barely misses you.
The seven-headed hydra bites you but does no damage.
You block the seven-headed hydra's attack. x2
The seven-headed hydra bites you but does no damage.
You hit the seven-headed hydra.
The seven-headed hydra is severely wounded.
You block the seven-headed hydra's attack.
The seven-headed hydra bites you. x4
* * * LOW HITPOINT WARNING * * *
You block the seven-headed hydra's attack.
The seven-headed hydra bites you.
* * * LOW HITPOINT WARNING * * *
You are too injured to fight recklessly!
Unknown command.
You are too injured to fight recklessly!
Unknown command.
You are too injured to fight recklessly!
Unknown command.
You are too injured to fight recklessly!
You are too injured to fight recklessly!
You gain the combat prowess of a mighty hero.
The seven-headed hydra barely misses you.
The seven-headed hydra bites you!
* * * LOW HITPOINT WARNING * * *
You block the seven-headed hydra's attack.
The seven-headed hydra barely misses you.
The seven-headed hydra bites you but does no damage.
The seven-headed hydra bites you!
You die...

.............# #..# #.
.............########..# #.
..#..####..............# #.
###..####.#............# #.
#...........#######..# #.
#..######...# #..# #.
#.##....##..# #..# #.
#.#.####|#..#######..#########.
##.#.#(#..#...D@...#............
##..#.##.#÷'.##++##..............
....#..#######8pc8##...#########.
....##...)# #8....8#...# #.
###..###### #|....)#...# #.
#..###### #[....[#...# #.
#.##)#..# #8....8#...# #.
###.#.##.#####8..8##...#########.
....#.#.##)'.##++##..............


You could see a death knight, a seven-headed hydra and a centaur warrior.

Vanquished Creatures
  Pikel (D:8)
  3 cyclopes
  Joseph (D:7)
  2 kobold demonologists (D:11)
  An unseen horror (D:10)
  3 trolls (D:11)
  Sigmund (D:6)
  A wraith (D:11)
  A wyvern (D:10)
  14 yaks
  A vampire (D:11)
  A basilisk (D:11)
  3 steam dragons
  4 hogs (D:11)
  A human (D:11)
  Menkaure (D:6)
  3 vampire mosquitoes (D:11)
  Edmund (D:4)
  An acid dragon (D:10)
  2 black bears
  5 orc warriors
  3 ogres
  9 centaurs
  A kobold brigand (D:9)
  2 phantoms
  Blork the orc (D:6)
  3 scorpions
  4 bullfrogs
  6 gnoll sergeants
  11 killer bees
  2 howler monkeys
  4 hounds
  9 orc priests
  4 jellies
  4 sleepcaps
  2 iguanas
  8 orc wizards
  9 adders
  28 gnolls
  A white imp (D:6)
  An ufetubus (D:3)
  A dart slug (D:2)
  21 orcs
  10 ball pythons
  7 endoplasms
  4 giant cockroaches
  2 goblins (D:3)
  8 hobgoblins
  4 quokkas
  4 bats
  5 frilled lizards
  13 kobolds
  4 rats (D:2)
246 creatures vanquished.

Vanquished Creatures (others)
  An angel (D:4)
1 creature vanquished.

Grand Total: 247 creatures vanquished

Notes
Turn   | Place    | Note
-------+----------+-------------------------------------------
     0 | D:1      | AdnanSaban the Gargoyle Fighter began the quest for the
                  | Orb.
     0 | D:1      | Reached XP level 1. HP: 14/14 MP: 1/1
   134 | D:1      | Reached XP level 2. HP: 19/19 MP: 2/2
   779 | D:2      | Reached XP level 3. HP: 24/24 MP: 3/3
   888 | D:2      | Reached XP level 4. HP: 29/29 MP: 4/4
   888 | D:2      | Found a faded altar of an unknown god.
  1638 | D:3      | Reached skill level 3 in Maces & Flails
  1660 | D:3      | Reached XP level 5. HP: 33/33 MP: 5/5
  2005 | D:4      | Reached skill level 4 in Maces & Flails
  2044 | D:4      | Killed an angel
  2102 | D:4      | Reached XP level 6. HP: 38/38 MP: 6/6
  2282 | D:4      | Noticed Edmund
  2386 | D:4      | Found a glowing silver altar of Zin.
  2396 | D:4      | Found a shimmering altar of Xom.
  2454 | D:4      | Reached skill level 5 in Maces & Flails
  2792 | D:5      | Entered Level 5 of the Dungeon
  2877 | D:4      | Reached skill level 5 in Armour
  2877 | D:4      | Reached XP level 7. HP: 39/43 MP: 7/7
  3305 | D:5      | Reached skill level 6 in Maces & Flails
  3560 | D:5      | Reached XP level 8. HP: 37/48 MP: 8/8
  3616 | D:5      | Reached skill level 1 in Dodging
  3616 | D:5      | Reached skill level 5 in Shields
  3920 | D:6      | Noticed Menkaure
  3931 | D:6      | Killed Menkaure
  3932 | D:6      | Reached skill level 5 in Fighting
  3932 | D:6      | Reached skill level 7 in Maces & Flails
  4170 | D:6      | Found a staircase to the Ecumenical Temple.
  4170 | D:6      | You fall into a shaft and drop 3 floors!
  4203 | D:8      | Found Hyrinwox's General Store.
  4501 | D:7      | Reached XP level 9. HP: 52/54 MP: 9/9
  4568 | D:7      | Reached skill level 8 in Maces & Flails
  4568 | D:7      | Reached skill level 1 in Stealth
  4777 | D:6      | Noticed Blork the orc
  4780 | D:6      | Killed Blork the orc
  4959 | Temple   | Entered the Ecumenical Temple
  5102 | D:6      | Found an iron altar of Okawaru.
  5104 | D:6      | Noticed Sigmund
  5113 | D:6      | Killed Sigmund
  5118 | D:6      | Became a worshipper of Warmaster Okawaru
  5444 | D:6      | Found a blossoming altar of Fedhas.
  6231 | D:4      | Killed Edmund
  6455 | D:7      | Noticed Joseph
  7445 | D:8      | Found Nownufun's Weapon Emporium.
  7482 | D:8      | Reached skill level 9 in Maces & Flails
  7577 | D:8      | Found Ythe's Book Boutique.
  7696 | D:8      | Reached * piety under Okawaru
  7836 | D:8      | Found Wyump's Armour Boutique.
  7836 | D:8      | Found a sacrificial altar of Ru.
  7881 | D:8      | Reached skill level 1 in Throwing
  7881 | D:8      | Reached XP level 10. HP: 55/60 MP: 10/10
  7887 | D:8      | Reached ** piety under Okawaru
  8040 | D:8      | Noticed Pikel
  8062 | D:8      | Killed Pikel
  8063 | D:8      | Reached skill level 10 in Maces & Flails
  8063 | D:8      | Reached skill level 1 in Invocations
  8193 | D:8      | Found Konituti's Antique Armour Shoppe.
  8486 | D:9      | Found a bloodstained altar of Trog.
  8486 | D:9      | Found a shadowy altar of Dithmenos.
  8486 | D:9      | Found a hazy altar of Hepliaklqana.
  8816 | D:9      | Found a stormy altar of Qazlal.
  8816 | D:9      | Found an ancient bone altar of Kikubaaqudgha.
  8826 | D:9      | Noticed a cyclops
  8853 | D:9      | Reached *** piety under Okawaru
  8872 | D:9      | Killed a cyclops
  9114 | D:9      | Found a shimmering blue altar of Sif Muna.
  9704 | D:7      | Killed Joseph
  9782 | D:10     | Entered Level 10 of the Dungeon
 10148 | D:10     | Noticed an unseen horror
 10173 | D:10     | Killed an unseen horror
 10610 | D:10     | Found a sparkling altar of Nemelex Xobeh.
 10663 | D:10     | Reached **** piety under Okawaru
 10670 | D:10     | Reached XP level 11. HP: 35/67 MP: 13/13
 11235 | D:10     | Found a hide-covered altar of Uskayaw.
 11251 | D:10     | Found a staircase to the Lair.
 11764 | D:11     | Noticed a boulder beetle
 12412 | D:11     | Reached ***** piety under Okawaru
 12600 | D:11     | Noticed a cyclops
 12624 | D:11     | Killed a cyclops
 12791 | D:11     | Reached skill level 10 in Armour
 12791 | D:11     | Reached skill level 5 in Invocations
 12819 | D:11     | Reached skill level 11 in Maces & Flails
 12925 | D:11     | Found a large runed translucent door.
 12926 | D:11     | Found a large runed translucent door.
 12934 | D:11     | Noticed a centaur warrior
 12934 | D:11     | Noticed a death knight
 12978 | D:11     | Noticed a cyclops
 12992 | D:11     | Killed a cyclops
 13063 | D:11     | Got Hoedext's Codex of Luminous Oxidation
 13215 | D:11     | Found a large runed translucent door.
 13215 | D:11     | Found a large runed translucent door.
 13253 | D:11     | Received a gift from Okawaru
 13493 | D:11     | Noticed a seven-headed hydra
 13505 | D:11     | Slain by a seven-headed hydra

Illustrated notes

Levels and vault maps discovered:
D:1:      nicolae_arrival_memento_mori, layout_basic, minmay_misc_feat_iff,
          minmay_misc_feat_enclosed
D:2:      layout_loops_ring, serial_rivers, chequers_serial_rivers_small_b,
          chequers_serial_rivers_marsh, chequers_serial_rivers_small_a,
          chequers_serial_rivers_room_a, chequers_serial_rivers_small_a,
          chequers_serial_rivers_micro_b,
          hellmonk_ecumenical_altar_heavens_door, minmay_nonomino_d4
D:3:      layout_rooms
D:4:      layout_layer_cave, grunt_temple_overflow_order_and_chaos_1,
          uniq_edmund
D:5:      layout_basic
D:6:      layout_basic, okawaru_trees_1, mainiacjoe_overflow_brackets,
          minmay_temple_entry_proselytizer, uniq_blork_the_orc, uniq_sigmund,
          uniq_menkaure, uniq_grinder
D:7:      layout_loops_ring, wad_floor_pattern_1, grunt_tough_drop, uniq_joseph
D:8:      layout_loops_ring, overflow_temple_1_default, serial_shops, shop,
          nicolae_shop_behind_doors, shop, nicolae_shop_tiny_real_fake_doors,
          shop, uniq_pikel
D:9:      layout_basic, lemuel_crystal_altar, nicolae_overflow_two_pavilions,
          gammafunk_temple_overflow_forgotten, minmay_misc_feat_plants,
          minmay_tree_intersection
D:10:     layout_basic, nemelex_altar_shiori, kennysheep_mini_moat,
          lair_entry_dummy, david_defended_altar_orc
D:11:     layout_small_grid, kennysheep_orc_monster_closet_entryway,
          grunt_livestock, st_stairs_14, minmay_hollow_rounded_squares
Temple:   compressed_dpeg_triangle_lava_temple

Skill      XL: |  1  2  3  4  5  6  7  8  9 10 11 |
---------------+----------------------------------+-----
Armour         | 4 5 6 8 9 10 | 10.5
Maces & Flails | 3 4 5 6 7 9 10 11 | 11.2
Fighting       | 4 5 6 7 8 |  8.1
Shields        | 4 5 6 7 9 |  9.3
Dodging        | 1 2 |  2.5
Stealth        | 1 |  1.3
Throwing       | 1 2 |  2.1
Invocations    | 3 5 |  5.1

Action                     |  1- 3 |  4- 6 |  7- 9 | 10-12 || total
---------------------------+-------+-------+-------+-------++-------
  Melee: Flail             |   108 |   200 |     7 |       ||   315
         Morningstar       |       |       |   351 |    25 ||   376
         Whip              |       |       |       |   695 ||   695
  Throw: Dart              |       |       |    14 |     9 ||    23
 Invoke: Heroism           |       |       |       |     1 ||     1
 Armour: Scale mail        |    26 |       |       |       ||    26
         Chain mail        |    55 |   110 |   213 |     4 ||   382
         Plate armour      |       |       |       |   344 ||   344
  Dodge: Dodged            |    40 |   100 |   285 |   212 ||   637
  Block: Buckler           |    28 |    59 |    50 |       ||   137
         Kite shield       |       |       |   109 |   319 ||   428

Table legend: (Time is in decaauts)
 A = Elapsed time spent in this place.
 B = Non-inter-level travel time spent in this place.
 C = Inter-level travel time spent in this place.
 D = Time resting spent in this place.
 E = Time spent auto-exploring this place.
 F = Levels seen in this place.
 G = Mean time per level.
                   A        B        C        D        E       F      G
               +--------+--------+--------+--------+--------+-----+--------+
         Total |  13476 |  12557 |    919 |   2018 |   7546 |  12 | 1123.0 |
       Dungeon |  13472 |  12553 |    919 |   2018 |   7546 |  11 | 1224.7 |
        Temple |      4 |      4 |      0 |      0 |      0 |   1 |    4.0 |
               +--------+--------+--------+--------+--------+-----+--------+

Top non-repeatable levels by time:
    D:11: 1564 daAuts
     D:4: 1542 daAuts
    D:10: 1506 daAuts
     D:8: 1488 daAuts
     D:7: 1389 daAuts
     D:9: 1310 daAuts
     D:6: 1212 daAuts
     D:5: 1168 daAuts
     D:2: 919 daAuts
     D:1: 745 daAuts
     D:3: 623 daAuts
  Temple: 4 daAuts
